 Dungeon Crawl Stone Soup version 0.28-a0-1080-g05a166d0ed (webtiles) character file.

Game seed: 17542673201712257985

1467 leviel the Carver (level 8, -9/69 HPs)
             Began as a Hill Orc Fighter on Dec 9, 2021.
             Was a Priest of Zin.
             Mangled by a troll (10 damage)
             ... on level 7 of the Dungeon.
             The game lasted 00:10:45 (8330 turns).

leviel the Carver (Hill Orc Fighter)                Turns: 8330, Time: 00:10:46

Health: -9/69      AC:  6    Str: 21    XL:     8   Next: 77%
Magic:  11/11      EV:  9    Int:  8    God:    Zin [***...]
Gold:   216        SH:  6    Dex: 10    Spells: 7/7 levels left

rFire   . . .      SeeInvis .   a - +1 long sword
rCold   . . .      Faith    +   c - +2 buckler
rNeg    . . .      Spirit   .   b - +0 scale mail
rPois   .          Reflect  .   (no helmet)
rElec   .          Harm     .   (no cloak)
rCorr   .          Rampage  .   (no gloves)
Will    +....                   (no boots)
Stlth   ..........              d - amulet of faith
HPRegen 0.21/turn               g - ring of willpower
MPRegen 0.12/turn               (no ring)

@: no status effects
A: no striking features
a: Renounce Religion, Recite, Vitalisation, Imprison, Donate Gold


You were on level 7 of the Dungeon.
You worshipped Zin.
Zin was most pleased with you.
You visited 2 branches of the dungeon, and saw 8 of its levels.

You collected 281 gold pieces.
You spent 42 gold pieces at shops.
You donated 23 gold pieces to Zin.

Inventory:

Hand Weapons
 a - a +1 long sword (weapon)
Armour
 b - a +0 scale mail (worn)
 c - a +2 buckler (worn)
Jewellery
 d - an amulet of faith (around neck)
 g - a ring of willpower (left hand)
 o - a ring of magical power
Wands
 n - a wand of flame (9)
Scrolls
 f - 5 scrolls of teleportation
 i - a scroll of vulnerability
 m - a scroll of blinking
 p - a scroll of amnesia
Potions
 e - 2 potions of curing
 h - a potion of degeneration {unknown}
 k - 2 potions of flight {unknown}
 q - 2 potions of lignification {unknown}


   Skills:
 + Level 5.5 Fighting
 - Level 9.9 Long Blades
 - Level 3.2 Armour
 - Level 4.0 Shields
 + Level 5.2 Invocations


You had 7 spell levels left.
You didn't know any spells.
Your spell library was empty.

Dungeon Overview and Level Annotations

Branches:
Dungeon (7/15)             Temple (1/1) D:4

Altars:
Ashenzari
Cheibriados
Elyvilon
Hepliaklqana
Kikubaaqudgha
Makhleb
Nemelex Xobeh
Qazlal
Ru
Sif Muna
Trog
Uskayaw
Vehumet
Xom
Yredelemnul
Zin
The Shining One

Shops:
D:3 *   D:4 [

Annotations:
D:5 1 runed translucent door, Crazy Yiuf
D:7 Prince Ribbit


Message History

Your +1 buckler glows green for a moment.
Okay, then.
The troll bites you. You block the troll's attack.
The troll claws you but does no damage.
You hit the troll.
The troll is lightly wounded.
The troll bites you! You block the troll's attack. x2
You are too injured to fight recklessly!
You are too injured to fight recklessly!
You are too injured to fight recklessly!
You are too injured to fight recklessly!
You are too injured to fight recklessly!
You are too injured to fight recklessly!
You are too injured to fight recklessly!
You are too injured to fight recklessly!
You hit the troll.
The troll is moderately wounded.
The troll bites you! The troll barely misses you. The troll closely misses you.
You hit the troll.
The troll is moderately wounded.
The troll bites you! You block the troll's attack. x2
You barely miss the troll.
The troll is lightly wounded.
The troll barely misses you. The troll claws you. The troll barely misses you.
You hit the troll but do no damage.
The troll is lightly wounded.
The troll closely misses you. The troll claws you.
The troll closely misses you.
You slash the troll!
The troll is moderately wounded.
The troll bites you.
* * * LOW HITPOINT WARNING * * *
The troll claws you!
* * * LOW HITPOINT WARNING * * *
The troll claws you!
* * * LOW HITPOINT WARNING * * *
You hit the troll.
The troll is heavily wounded.
The troll bites you!
You die...

#.# #.# #.# #.# #.#
#.# #########.# ###
#.......#.####
##.###.#####.#@...####
#........###.T..#.....
##.###.#..........####
#.# #.#####....### #.#
#.......#.## # #.#
#########.# #
#.######## #$# #
#......... #'# #
#.#######. #...#


You could see a troll.

Vanquished Creatures
  Eustachio (D:5)
  2 necrophages
  3 ice beasts
  An ogre (D:3)
  A phantom (D:5)
  A bullfrog (D:6)
  3 wights (D:7)
  A howler monkey (D:5)
  An orc priest (D:5)
  A centaur skeleton (D:4)
  2 hounds (D:5)
  2 jellies
  2 iguanas
  Natasha (twice) (D:3)
  2 orc wizards
  2 hound skeletons
  3 gnolls
  4 adders
  A shadow imp (D:5)
  An ufetubus (D:5)
  An adder skeleton (D:4)
  2 dart slugs
  8 orcs
  7 endoplasms
  2 giant cockroaches
  5 goblins
  9 hobgoblins
  5 kobolds
  3 quokkas
  6 ball pythons
  2 bats (D:1)
  4 frilled lizards
  4 rats
94 creatures vanquished.

Vanquished Creatures (others)
  2 fungi (D:5)
2 creatures vanquished.

Grand Total: 96 creatures vanquished

Notes
Turn   | Place    | Note
-------+----------+-------------------------------------------
     0 | D:1      | leviel the Hill Orc Fighter began the quest for the Orb.
     0 | D:1      | Reached XP level 1. HP: 19/19 MP: 1/1
   352 | D:1      | Reached skill level 3 in Long Blades
   352 | D:1      | Reached XP level 2. HP: 16/26 MP: 2/2
  1264 | D:1      | Reached XP level 3. HP: 30/31 MP: 3/3
  1586 | D:2      | Reached skill level 4 in Long Blades
  2185 | D:2      | Found a faded altar of an unknown god.
  2515 | D:2      | Prayed at the altar of an unknown god.
  2515 | D:2      | Became a worshipper of Elyvilon the Healer
  2515 | D:2      | Reached * piety under Elyvilon
  2627 | D:3      | Noticed an ogre
  2636 | D:3      | Reached XP level 4. HP: 39/39 MP: 4/4
  2641 | D:3      | Killed an ogre
  2642 | D:3      | Reached skill level 5 in Long Blades
  2642 | D:3      | Reached XP level 5. HP: 45/45 MP: 5/5
  2821 | D:3      | Found a shimmering altar of Xom.
  2907 | D:3      | Found Potziapa's General Store.
  2913 | D:3      | Bought a potion of curing for 42 gold pieces
  3022 | D:3      | Reached skill level 6 in Long Blades
  3139 | D:3      | Noticed Natasha
  3145 | D:3      | Killed Natasha
  3262 | D:3      | Reached ** piety under Elyvilon
  3423 | D:3      | Noticed Natasha
  3433 | D:3      | Killed Natasha
  3750 | D:4      | Found a staircase to the Ecumenical Temple.
  3779 | Temple   | Entered the Ecumenical Temple
  3885 | Temple   | Fell from the grace of Elyvilon
  3885 | Temple   | Became a worshipper of Zin the Law-Giver
  3885 | Temple   | Reached * piety under Zin
  3956 | D:4      | Reached XP level 6. HP: 50/51 MP: 6/6
  3964 | D:4      | Reached skill level 7 in Long Blades
  4080 | D:4      | Found Qeuro's Armour Boutique.
  4081 | D:4      | Noticed a necrophage
  4092 | D:4      | Killed a necrophage
  4236 | D:4      | Reached ** piety under Zin
  4356 | D:5      | Entered Level 5 of the Dungeon
  4370 | D:5      | Noticed an ice beast
  4378 | D:5      | Killed an ice beast
  4379 | D:5      | Reached skill level 8 in Long Blades
  4379 | D:5      | Reached XP level 7. HP: 46/57 MP: 7/7
  4946 | D:5      | Reached skill level 9 in Long Blades
  5069 | D:5      | Noticed Eustachio
  5107 | D:5      | Killed Eustachio
  5447 | D:5      | Reached skill level 1 in Invocations
  5447 | D:5      | Reached XP level 8. HP: 45/64 MP: 8/8
  6392 | D:5      | Found a runed translucent door.
  6393 | D:5      | Noticed Crazy Yiuf
  6647 | D:5      | HP: 3/64 [orc warrior (10)]
  7456 | D:6      | Reached *** piety under Zin
  7632 | D:6      | Reached skill level 5 in Fighting
  7873 | D:7      | Noticed Prince Ribbit
  7977 | D:7      | Reached skill level 5 in Invocations
  8319 | D:7      | Noticed a troll
  8329 | D:7      | HP: 1/69 [troll (10)]
  8330 | D:7      | Mangled by a troll

Illustrated notes

Levels and vault maps discovered:
D:1:      kilobyte_arrival_exit_the_forest, layout_basic, minmay_tetromino_t4
D:2:      layout_loops_ring, hellmonk_ecumenical_altar_leap_of_faith,
          small_statue_intersection
D:3:      layout_basic, xom_teletrap_fun, serial_shops, shop,
          kennysheep_generic_room_3, uniq_natasha
D:4:      layout_rooms, temple_green, serial_shops, kennysheep_little_box,
          fountainhead
D:5:      layout_layer_cave, uniq_eustachio, uniq_crazy_yiuf_cottage
D:6:      layout_cave_pools, portal_sewer_entry_e
D:7:      layout_loops_corners, uniq_prince_ribbit1
Temple:   lightli_temple_of_artemis

Skill      XL: |  1  2  3  4  5  6  7  8 |
---------------+-------------------------+-----
Long Blades    | 3 4 5 6 8 9 |  9.9
Invocations    | 1 5 |  5.2
Fighting       | 5 |  5.5
Shields        | 4 |  4.0
Armour         | |  3.2

Action                   |  1- 3 |  4- 6 |  7- 9 || total
-------------------------+-------+-------+-------++-------
Melee: Long sword        |    83 |    94 |   201 ||   378
Invok: Vitalisation      |       |       |     2 ||     2
       Recite            |       |       |     1 ||     1
Evoke: Wand              |       |       |     1 ||     1
  Use: Potion            |       |     1 |     7 ||     8
       Scroll            |       |       |    11 ||    11
Armor: Scale mail        |    36 |    28 |    51 ||   115
Dodge: Dodged            |    29 |    47 |    66 ||   142
Block: Buckler           |    16 |    21 |    49 ||    86

Table legend: (Time is in decaauts)
 A = Elapsed time spent in this place.
 B = Non-inter-level travel time spent in this place.
 C = Inter-level travel time spent in this place.
 D = Time resting spent in this place.
 E = Time spent auto-exploring this place.
 F = Levels seen in this place.
 G = Mean time per level.
                   A        B        C        D        E       F      G
               +--------+--------+--------+--------+--------+-----+--------+
         Total |   8364 |   7989 |    375 |   1072 |   5956 |   8 | 1045.5 |
       Dungeon |   8232 |   7882 |    350 |   1072 |   5872 |   7 | 1176.0 |
        Temple |    131 |    106 |     25 |      0 |     84 |   1 |  131.0 |
               +--------+--------+--------+--------+--------+-----+--------+

Top non-repeatable levels by time:
     D:5: 1880 daAuts
     D:1: 1439 daAuts
     D:4: 1324 daAuts
     D:2: 1199 daAuts
     D:3: 1082 daAuts
     D:6: 859 daAuts
     D:7: 446 daAuts
  Temple: 131 daAuts
